 Dungeon Crawl Stone Soup version 0.18-a0-1666-g3ea6f2b (webtiles) character file.

7 Leszczynek the Sneak (level 2, -1/22 HPs)
             Began as a Naga Wizard on Apr 1, 2016.
             Slain by a jackal (2 damage)
             ... on level 1 of the Dungeon.
             The game lasted 00:02:35 (194 turns).

Leszczynek the Sneak (Naga Wizard)                   Turns: 194, Time: 00:02:36

Health: -1/22      AC:  1    Str:  9    XL:     2   Next: 4%
Magic:  0/6        EV:  9    Int: 18    God:
Gold:   37         SH:  0    Dex:  9    Spells: 1 memorised, 6 levels left

rFire  . . .     SeeInvis +     (no weapon)
rCold  . . .     Gourm    .     a - +0 robe
rNeg   . . .     Faith    .     (no shield)
rPois  +         Spirit   .     b - +0 hat
rElec  .         Dismiss  .     (no cloak)
rCorr  .         Reflect  .     (no gloves)
SustAt .         Harm     .     (no barding)
MR     .....                    (no amulet)
Stlth  ++........               (no ring)
                                (no ring)

@: short of breath, very slow, not resistant to hostile enchantments, unstealthy
A: see invisible, deformed body, poison resistance, slowness 2, slow metabolism
1, spit poison 2, AC +0
a: Spit Poison


You were on level 1 of the Dungeon.
You were not hungry.

You visited 1 branch of the dungeon, and saw 1 of its levels.

You collected 37 gold pieces.

Inventory:

Missiles
 g - 3 curare-tipped needles
Armour
 a - a +0 robe (worn)
 b - a +0 hat (worn)
Scrolls
 e - a scroll of remove curse {unknown}
 h - a scroll of teleportation {unknown}
 i - a scroll of immolation {unknown}
Books
 c - a book of Minor Magic

   Spells                             Type                      Level
   a - Magic Dart                     Conjuration                  1
   b - Blink                          Translocation                2
   c - Call Imp                       Summoning                    2
   d - Repel Missiles                 Charms/Air                   2
   e - Slow                           Hexes                        2
   f - Conjure Flame                  Conjuration/Fire             3
   g - Mephitic Cloud                 Conjuration/Poison/Air       3
Comestibles
 d - a bread ration
 f - 4 chunks of flesh


   Skills:
 - Level 1.5 Dodging
 + Level 3.2 Stealth
 + Level 3.1 Spellcasting
 * Level 1.6 Conjurations
   Level 1.0 Summonings
   Level 1.0 Translocations


You had 6 spell levels left.
You knew the following spells:

 Your Spells              Type           Power        Failure   Level  Hunger
a - Magic Dart            Conj           #...         12%         1    None


Dungeon Overview and Level Annotations

Branches:
Dungeon (1/15)

Altars:


Innate Abilities, Weirdness & Mutations

You cannot wear boots.
Your serpentine skin is tough (AC +0).
You have supernaturally acute eyesight.
Armour fits poorly on your strangely shaped body.
Your system is resistant to poisons.
You cover ground very slowly.
You have a slow metabolism.
You can spit poison.


Message History

You kill the giant gecko!
You have reached level 2!
You feel slightly more hungry. The jackal bites you.
* * * LOW HITPOINT WARNING * * *
The jackal barely misses you.
Casting: Magic Dart
Confirm with . or Enter, or press ? or * to list all spells.
You don't have enough magic to cast that spell.
You closely miss the jackal. The jackal bites you.
* * * LOW HITPOINT WARNING * * *
The giant newt hisses menacingly.
Casting: Magic Dart
Confirm with . or Enter, or press ? or * to list all spells.
Aiming: Magic Dart
Press: ? - help, Shift-Dir - straight line, f/p - jackal
Aim: a jackal The magic dart hits the jackal.
The jackal closely misses you. The jackal closely misses you.
The jackal bites you.
You die...

.l........# #......%.####
#..##>......# #.#####.# .... #†#
# ....... #.# ........ #l#
....... #h# ....... #@# ######
#...###'### #....# #.........#
#.##.# ##### #.........#
#.##.###.... ###########........#
#.#......##' .........###.......#
#.#####..#.. .........'..>......#
#.# #..#..
.........#############'#####..#..
###...##.# #.....##..#..


You could see a jackal and a giant newt.

Vanquished Creatures
  A giant gecko (D:1)
  A goblin (D:1)
  A jackal (D:1)
  A bat (D:1)
  A giant newt (D:1)
  2 rats (D:1)
7 creatures vanquished.

Notes
Turn   | Place    | Note
--------------------------------------------------------------
     0 | D:1      | Leszczynek the Naga Wizard began the quest for the Orb.
     0 | D:1      | Reached XP level 1. HP: 15/15 MP: 4/4
   190 | D:1      | Reached XP level 2. HP: 4/22 MP: 0/6
   191 | D:1      | HP: 1/22 [jackal (2)]
   194 | D:1      | Slain by a jackal

Vault maps used:
D:1:      dpeg_arrival_windows_large_door

Action                   || total
-------------------------++-------
Melee: Unarmed           ||     3
 Cast: Magic Dart        ||    13
 Abil: Spit Poison       ||     2
